 Dungeon Crawl Stone Soup version 0.30-a0-862-g1aabd4f9c5 (webtiles) character file.

Game seed: 937231079125159080

673 CowFu the Cudgeller (level 7, 0/44 HPs)
             Began as a Gargoyle Fighter on Mar 9, 2023.
             Slain by a sky beast (1 damage)
             ... on level 6 of the Dungeon.
             The game lasted 00:05:06 (4090 turns).

CowFu the Cudgeller (Gargoyle Fighter)              Turns: 4090, Time: 00:05:07

Health: 0/44       AC: 12    Str: 22    XL:     7   Next: 59%
Magic:  16/16      EV:  9    Int:  8    God:
Gold:   287        SH:  0    Dex:  9    Spells: 6/6 levels left

rFire   . . .      SeeInvis .    a - +1 flail
rCold   . . .      Faith    .    (no shield)
rNeg    + . .      Spirit   .    b - +0 scale mail
rPois   ∞          Reflect  .    (no helmet)
rElec   +          Rampage  .    (no cloak)
rCorr   +                        (no gloves)
Will    .....                    (no boots) Stlth
                                 (no amulet)
HPRegen 0.27/turn                k - ring of magical power
MPRegen 0.15/turn                g - ring of resist corrosion

@: invisible
A: sickness immunity, AC +4, negative energy resistance 1, electricity
resistance, torment resistance 1, petrification resistance
a: no special abilities


You were on level 6 of the Dungeon.
You visited 1 branch of the dungeon, and saw 6 of its levels.

You collected 287 gold pieces.

Inventory:

Hand Weapons
 a - a +1 flail (weapon)
Armour
 b - a +0 scale mail (worn)
 c - a +0 buckler
Jewellery
 g - a ring of resist corrosion (right hand)
 k - a ring of magical power (left hand)
 r - an amulet of regeneration
 v - a ring of protection from fire
 w - a ring of flight
Wands
 p - a wand of mindburst (17)
Scrolls
 e - a scroll of blinking
 h - 3 scrolls of teleportation
 t - a scroll of enchant weapon
Potions
 d - a potion of might
 i - a potion of flight
 j - 4 potions of invisibility
 l - a potion of berserk rage {unknown}
 m - 2 potions of attraction
 o - 2 potions of haste
 q - 2 potions of mutation
 s - a potion of lignification


   Skills:
 + Level 5.1 Fighting
 * Level 5.4 Maces & Flails
 + Level 5.1 Armour
 + Level 5.1 Shields


You had 6 spell levels left.
You didn't know any spells.
Your spell library was empty.

Dungeon Overview and Level Annotations

Branches:
Dungeon (6/15)
 Temple: D:4-7

Altars:
Kikubaaqudgha
Qazlal
Yredelemnul

Shops:
D:2 (

Annotations:
D:6 Edmund, Maggie


Innate Abilities, Weirdness & Mutations

You are immune to sickness and miasma.
Your stone body is resilient. (AC +4)
You are immune to poison.
You resist negative energy. (rN+)
You are resistant to electric shocks. (rElec)
You are resistant to unholy torment.
You are immune to petrification.


Message History

The water moccasin bites you.
* * * LOW HITPOINT WARNING * * *
You sock the water moccasin!
You kill the water moccasin!
Your Fighting skill increases to level 5!
Your Armour skill increases to level 5!
You see here a water moccasin corpse.
You open the door.
There is an open door here.
A sky beast comes into view.
You sock the sky beast!
The sky beast is heavily wounded.
The sky beast completely misses you.
You sock the sky beast!
The sky beast is severely wounded.
The sky beast flickers out of sight!
Deactivating autopickup; reactivate with Ctrl-A.
Something hits you.
* * * LOW HITPOINT WARNING * * *
Something shocks you. You resist.
* * * LOW HITPOINT WARNING * * *
You hit something. Your punch misses something.
Something hits you but does no damage.
You fade into invisibility!
Something hits you but does no damage.
You barely miss something. Something hits you but does no damage.
You miss something.
Something hits you but does no damage. x2
You completely miss something. Something hits you but does no damage.
You closely miss something. Something hits you.
* * * LOW HITPOINT WARNING * * *
Something shocks you. You resist.
* * * LOW HITPOINT WARNING * * *
You closely miss something. Something hits you.
* * * LOW HITPOINT WARNING * * *
Something shocks you. You resist.
* * * LOW HITPOINT WARNING * * *
You miss something. Something hits you.
* * * LOW HITPOINT WARNING * * *
Something shocks you. You resist.
You die...

#..........
#..........
######'#######
+.......#
#.......#
#####.......#
#...........+
#..##########
#@.#
#....{........
#....#........
#....#.......#
#... #......##
#... #..#..##
#.. #..#..#
#.. #....#.


There were no monsters in sight!

Vanquished Creatures
  2 water moccasins (D:6)
  2 phantoms (D:5)
  A scorpion (D:5)
  A jelly (D:5)
  An orc priest (D:5)
  A sleepcap (D:4)
  An iguana (D:4)
  An orc wizard (D:4)
  3 gnolls
  A shadow imp (D:5)
  A white imp (D:5)
  A worm (D:5)
  6 orcs
  A ball python (D:1)
  6 bats
  3 endoplasms
  3 giant cockroaches
  5 goblins
  8 hobgoblins
  3 quokkas
  6 frilled lizards
  4 kobolds
  7 rats
68 creatures vanquished.

Vanquished Creatures (others)
  An orc wizard (D:5)
  A plant (D:6)
2 creatures vanquished.

Grand Total: 70 creatures vanquished

Notes
Turn   | Place    | Note
-------+----------+-------------------------------------------
     0 | D:1      | CowFu the Gargoyle Fighter began the quest for the Orb.
     0 | D:1      | Reached XP level 1. HP: 14/14 MP: 1/1
    74 | D:1      | Reached XP level 2. HP: 19/19 MP: 2/2
   276 | D:1      | Reached XP level 3. HP: 23/23 MP: 3/3
   935 | D:2      | Found a basalt altar of Yredelemnul.
  1149 | D:2      | Found Isamm's Weapon Shoppe.
  2037 | D:4      | Reached XP level 4. HP: 29/29 MP: 4/4
  2418 | D:4      | Reached XP level 5. HP: 20/33 MP: 5/5
  2754 | D:5      | Entered Level 5 of the Dungeon
  2835 | D:5      | Noticed a phantom
  2850 | D:5      | Killed a phantom
  2851 | D:5      | Reached XP level 6. HP: 39/39 MP: 6/6
  3468 | D:5      | Found an ancient bone altar of Kikubaaqudgha.
  3486 | D:5      | Reached XP level 7. HP: 26/44 MP: 7/7
  3928 | D:6      | Noticed Maggie
  3932 | D:6      | Noticed Edmund
  3972 | D:6      | Reached skill level 5 in Maces & Flails
  3972 | D:6      | Reached skill level 5 in Shields
  3974 | D:6      | Found a stormy altar of Qazlal.
  4059 | D:6      | Reached skill level 5 in Fighting
  4059 | D:6      | Reached skill level 5 in Armour
  4090 | D:6      | HP: 1/44 [something (4)]
  4090 | D:6      | Slain by a sky beast

Illustrated notes

Levels and vault maps discovered:
D:1:      nzn_arrival_settlement, layout_basic
D:2:      layout_basic, serial_shops, shop, basic_altar
D:3:      layout_loops_ring, amcnicky_mini_rare_corridor_liquid
D:4:      layout_cave_pods
D:5:      layout_loops_corners, nicolae_kikubaaqudgha_miasma_corner,
          grunt_decor_mini_mirrors
D:6:      layout_gridville, mainiacjoe_overflow_boulevard,
          minmay_temple_entry_wispy, enter_ossuary_1, uniq_edmund,
          uniq_menkaure, uniq_eustachio, uniq_maggie

Skill      XL: |  1  2  3  4  5  6  7 |
---------------+----------------------+-----
Maces & Flails | 3 4 5 |  5.4
Fighting       | 4 5 |  5.1
Armour         | 4 5 |  5.1
Shields        | 4 5 |  5.1

Action                     |  1- 3 |  4- 6 |  7- 9 || total
---------------------------+-------+-------+-------++-------
  Melee: Flail             |   121 |   136 |    48 ||   305
         Punch             |       |     2 |       ||     2
    Use: Potion            |       |     1 |     4 ||     5
         Scroll            |       |     6 |     9 ||    15
 Armour: Scale mail        |    55 |    87 |    29 ||   171
  Dodge: Dodged            |    54 |    52 |    16 ||   122
  Block: Buckler           |    31 |     7 |       ||    38

Table legend: (Time is in decaauts)
 A = Elapsed time spent in this place.
 B = Non-inter-level travel time spent in this place.
 C = Inter-level travel time spent in this place.
 D = Time resting spent in this place.
 E = Time spent auto-exploring this place.
 F = Levels seen in this place.
 G = Mean time per level.
                   A        B        C        D        E       F      G
               +--------+--------+--------+--------+--------+-----+--------+
         Total |   4160 |   4006 |    154 |      0 |   3170 |   6 |  693.3 |
       Dungeon |   4160 |   4006 |    154 |      0 |   3170 |   6 |  693.3 |
               +--------+--------+--------+--------+--------+-----+--------+

Top non-repeatable levels by time:
     D:5: 1003 daAuts
     D:4: 920 daAuts
     D:1: 797 daAuts
     D:3: 639 daAuts
     D:2: 601 daAuts
     D:6: 199 daAuts
